 Dungeon Crawl Stone Soup version 0.26.1-11-gd32895ea62 (webtiles) character file.

Game seed: 6638219280963394036

566 DearestLeader the Sneak (level 7, -2/32 HPs)
             Began as a Spriggan Enchanter on Apr 26, 2021.
             Slain by Grinder (6 damage)
             ... in a sewer.
             The game lasted 00:13:20 (7987 turns).

DearestLeader the Sneak (Spriggan Enchanter)        Turns: 7987, Time: 00:13:20

Health: -2/32      AC:  8    Str:  0    XL:     7   Next: 10%
Magic:  9/12       EV: 18    Int: 18    God:
Gold:   229        SH:  0    Dex: 17    Spells: 5/11 levels left

rFire    . . .     SeeInvis +   a - +2 dagger
rCold    . . .     Faith    .   (shield restricted)
rNeg     . . .     Spirit   .   b - +0 robe
rPois    .         Reflect  .   c - +2 hat
rElec    .         Harm     .   (no cloak)
rCorr    .         Rampage  .   (gloves unavailable)
Will     +....                  (boots unavailable)
Stlth    ++++......             (no amulet)
HPRegen  0.02/turn              i - -4 ring of strength (curse)
MPRegen  0.13/turn              m - +4 ring of protection

@: confusing touch, flying, slowed, lost strength, quick
A: very small, unfitting armour, see invisible, speed 3
a: no special abilities


You were in a sewer.
You visited 1 branch of the dungeon, and saw 5 of its levels.
You also visited: Sewer.

You collected 229 gold pieces.

Inventory:

Hand Weapons
 a - a +2 dagger (weapon)
 k - a +0 hunting sling
Missiles
 l - 23 poisoned darts (quivered)
Armour
 b - a +0 robe (worn)
 c - a +2 hat (worn)
Magical Staves
 f - an uncursed staff of death {unknown}
Jewellery
 i - a cursed -4 ring of strength (left hand)
 m - a +4 ring of protection (right hand)
Wands
 q - a wand of flame (20)
Scrolls
 n - a scroll of identify
 o - a scroll of amnesia
 p - a scroll of enchant armour
Potions
 d - 2 potions of degeneration


   Skills:
 * Level 6.4 Short Blades
 - Level 3.0 Dodging
 + Level 7.6 Stealth
 - Level 2.6 Spellcasting
 - Level 5.0 Hexes


You had 5 spell levels left.
You knew the following spells:

 Your Spells              Type           Power        Failure   Level
a - Corona                Hex            22%          2%          1
b - Ensorcelled Hibernat  Hex/Ice        22%          9%          2
c - Confusing Touch       Hex            20%          6%          3

Your spell library contained the following spells:

 Spells                   Type           Power        Failure   Level
 Tukima's Dance           Hex            20%          6%          3
 Dazzling Flash           Conj/Hex       22%          19%         3


Dungeon Overview and Level Annotations

Branches:
Dungeon (5/15)              Sewer (1/1)
 Temple: D:4-7

Altars:
Kikubaaqudgha
Okawaru
Ru
Beogh

Annotations:
D:4 3 runed translucent doors, GenialerGandalf's ghost, amateur HOFi Sewer Grinder


Innate Abilities, Weirdness & Mutations

You are very small and have problems with some larger weapons.
You are too small for most types of armour.
You have supernaturally acute eyesight. (SInv)
You cover ground extremely quickly.


Message History

It was a potion of curing.
You feel better. The ufetubus completely misses you. The ufetubus hits you.
* * * LOW HITPOINT WARNING * * *
The giant cockroach closely misses you. The ufetubus misses you. x2
The shadow imp misses you. Grinder barely misses you.
The shadow imp misses you. The giant cockroach barely misses you.
The ufetubus misses you.
The ufetubus hits you but does no damage.
Unknown command.
It was a potion of flight.
You feel very buoyant.
You fly up into the air.
The ufetubus hits you but does no damage.
The ufetubus misses you. The shadow imp misses you.
Grinder completely misses you. The shadow imp barely misses you.
The giant cockroach bites you but does no damage.
The shadow imp barely misses you. Grinder closely misses you.
The shadow imp completely misses you. Grinder hits you.
You die...

#≈.5.≈# #≈...≈#
#≈...≈# ##'''##
#########.....##
##≈≈≈≈≈≈#Z.⌠.⌠..#
###!.5..zZ'.......'..
#∩!(.555.K'.⌠._.⌠.'..
###..@B5KK'.......'..
##≈≈≈≈≈≈#K..⌠...#≈≈
##########...#####
#########'#######
#≈≈≈≈≈≈#..(#≈≈≈≈≈
#≈≈.≈≈(W5(..≈≈.≈≈
#...ZKK#K..#...†.
#+#######≈#######
#......#≈≈≈#.....


You could see Grinder, a big kobold, a wight, 3 shadow imps, an ufetubus, a
kobold zombie, a big kobold zombie (wandering), a giant cockroach and 3 kobolds.

Vanquished Creatures
  Sigmund (D:4)
  2 vampire bats (D:3)
  A hound (D:4)
  A bullfrog skeleton (D:4)
  A worker ant (D:4)
  A big kobold zombie (Sewer)
  A hound skeleton (D:3)
  2 adders (D:2)
  4 gnolls (D:2)
  2 shadow imps (Sewer)
  2 ufetubi (Sewer)
  3 oozes
  A worm (D:2)
  2 dart slugs (D:1)
  8 leopard geckos
  7 orcs (D:3)
  2 ball pythons
  4 bat skeletons (D:3)
  5 giant cockroaches
  9 goblins
  6 hobgoblins
  7 quokkas
  6 bats
  6 frilled lizards
  13 kobolds
  2 kobold zombies (Sewer)
  A leopard gecko skeleton (D:4)
  4 rats
104 creatures vanquished.

Notes
Turn   | Place    | Note
-------+----------+-------------------------------------------
     0 | D:1      | DearestLeader the Spriggan Enchanter began the quest for
                  | the Orb.
     0 | D:1      | Reached XP level 1. HP: 9/9 MP: 5/5
   451 | D:1      | Reached XP level 2. HP: 13/13 MP: 6/6
   463 | D:1      | Learned a level 2 spell: Ensorcelled Hibernation
  1419 | D:1      | Reached skill level 5 in Stealth
  1419 | D:1      | Reached XP level 3. HP: 5/16 MP: 1/8
  1721 | D:1      | Learned a level 3 spell: Confusing Touch
  2447 | D:2      | Reached XP level 4. HP: 21/21 MP: 6/9
  2774 | D:2      | Lost strength.
  4263 | D:3      | Found a sacrificial altar of Ru.
  4306 | D:3      | Reached XP level 5. HP: 24/24 MP: 10/10
  4890 | D:3      | You fall into a shaft and drop 1 floor!
  4891 | D:4      | Found a runed translucent gate.
  4891 | D:4      | Found a runed translucent gate.
  4891 | D:4      | Found a runed translucent gate.
  4893 | D:4      | Noticed Sigmund
  5792 | D:3      | Found an ancient bone altar of Kikubaaqudgha.
  5801 | D:3      | Reached skill level 6 in Stealth
  5838 | D:3      | Reached skill level 5 in Hexes
  6281 | D:4      | Reached XP level 6. HP: 28/28 MP: 11/11
  6469 | D:4      | Reached skill level 5 in Short Blades
  6896 | D:4      | Noticed GenialerGandalf's ghost (amateur HOFi)
  6901 | D:4      | Killed Sigmund
  6902 | D:4      | Reached skill level 7 in Stealth
  6902 | D:4      | Found a roughly hewn altar of Beogh.
  6905 | D:4      | Identified the +11 whip "Xiecus" {protect, rElec}
  6905 | D:4      | Identified the +6 scale mail of Devotion {Str+5 SInv}
  6961 | D:5      | Entered Level 5 of the Dungeon
  6981 | D:5      | Found an iron altar of Okawaru.
  7020 | D:5      | Found a glowing drain.
  7072 | Sewer    | Entered a sewer
  7431 | Sewer    | Reached XP level 7. HP: 32/32 MP: 9/12
  7950 | Sewer    | Found an ancient bone altar of Kikubaaqudgha.
  7978 | Sewer    | Noticed Grinder
  7987 | Sewer    | Slain by Grinder

Illustrated notes

Levels and vault maps discovered:
D:1:      evilmike_arrival_plus, layout_rooms, grunt_decor_cap,
          minmay_misc_feat_pillars
D:2:      layout_rooms
D:3:      layout_loops_ring, lemuel_crystal_altar, kennysheep_vampire_church,
          serial_aquarium, aquarium_bridge_square [aquarium_subvault_balcony,
          aquarium_subvault_wall, aquarium_subvault_bridge,
          aquarium_subvault_bridge], aquarium_window_1, aquarium_window_2,
          aquarium_view_2b, aquarium_view_2b, kennysheep_generic_room_16
D:4:      layout_cave_pods, biasface_ghost_orc_armoury, uniq_sigmund
D:5:      layout_basic, general_overflow_altar, gammafunk_ghost_stat_death,
          portal_sewer_entry_f, uniq_ijyb
Sewer:    kennysheep_sewer_church

Skill      XL: |  1  2  3  4  5  6 |
---------------+-------------------+-----
Short Blades   | 2 3 4 6 |  6.4
Hexes          | 4 5 |  5.0
Stealth        | 5 6 7 |  7.6
Dodging        | |  3.0
Spellcasting   | |  2.6

Action                   |  1- 3 |  4- 6 |  7- 9 || total
-------------------------+-------+-------+-------++-------
Melee: Dagger            |   162 |   211 |    62 ||   435
 Cast: Corona            |     8 |     1 |       ||     9
       Ensorcelled Hiber |    29 |    46 |     2 ||    77
       Confusing Touch   |     1 |     4 |     6 ||    11
  Use: Scroll            |     1 |     8 |     1 ||    10
       Potion            |       |       |     2 ||     2
 Stab: Sleeping          |    11 |    36 |     4 ||    51
       Confused          |       |     2 |     3 ||     5
Armor: Robe              |    10 |    58 |    30 ||    98
Dodge: Dodged            |   127 |   278 |   125 ||   530
